AoeStats
← CazadorGT

Arabia

508711318Analyzed
2v2 RM · 9d ago on Sep 23, 2026· 43m 40s· 4 players
Game mode
Random Map
Map size
Medium (4 player)
Population
200
Speed
Normal
Resources
Standard
Victory
Conquest
Starting age
Dark Age
Ending age
Imperial Age
RankedLock teamsTeams togetherTeam positionsShared explorationLock speedFull tech treeHidden civsTurbo modeCheats
Victory
Defeat
🇬🇹 Huns · Guatemala
1165
+14
🇩🇪 Ethiopians · Germany
1136
+16
🇨🇴 Maya · Colombia
1238
-19
🇨🇴 Byzantines · Colombia
1019
-11
FELIPE41
0:34 Loom
10:43 Feudal Age
21:32 Castle Age
20:18 Forging
20:13 Scale Barding Armor
20:29 Stone Mining
21:00 Scale Barding Armor
21:49 Double-Bit Axe
21:47 Horse Collar
23:23 Wheelbarrow
23:12 Heavy Plow
23:28 Bow Saw
23:58 Husbandry
24:34 Gold Mining
27:25 Gold Shaft Mining
28:03 Iron Casting
28:36 Stone Shaft Mining
29:42 Hand Cart
30:13 Chain Barding Armor
29:45 Fletching
43:08 Elite Skirmisher
Ryujin
0:26 Loom
9:19 Feudal Age
9:52 Double-Bit Axe
13:10 Fletching
17:40 Padded Archer Armor
19:12 Wheelbarrow
28:34 Castle Age
28:59 Crossbowman
37:10 Pikeman
39:33 Leather Archer Armor
41:26 Ballistics
42:30 Bodkin Arrow
iKzumG
7:41 Loom
10:06 Feudal Age
10:34 Double-Bit Axe
13:39 Fletching
22:36 Castle Age
20:55 Horse Collar
21:08 Gold Mining
22:21 Padded Archer Armor
22:50 Crossbowman
23:29 Bodkin Arrow
25:17 Ballistics
25:15 Leather Archer Armor
28:19 Wheelbarrow
28:14 Heavy Plow
29:35 Bow Saw
31:54 Thumb Ring
37:53 Imperial Age
35:10 Town Watch
35:41 Hand Cart
37:26 Stone Mining
40:32 Chemistry
39:10 Arbalester
40:36 Bracer
41:06 Ring Archer Armor
42:39 Conscription
42:34 Siege Engineers
CazadorGT
6:34 Loom
9:00 Feudal Age
10:08 Double-Bit Axe
12:28 Town Watch
15:33 Scale Barding Armor
18:29 Forging
19:18 Horse Collar
21:48 Bloodlines
27:58 Castle Age
25:55 Gold Mining
29:06 Chain Barding Armor
33:39 Iron Casting
33:36 Husbandry
39:20 Bow Saw
40:14 Fletching
Connection lost

Rejoining the realm…

Still unreachable

The connection could not be restored.

Session expired

The server has moved on; the page needs a fresh start.